 Dungeon Crawl Stone Soup version 0.32-a0-975-g85d4e5bfdb (webtiles) character file.

Game seed: 17334805615200469955

465 bananaken the Ruffian (level 7, -1/50 HPs)
             Began as a Djinni Shapeshifter on Apr 18, 2024.
             Killed by divine providence
             ... invoked by an orc priest
              (12 damage)
             ... on level 3 of the Dungeon.
             The game lasted 00:09:28 (2923 turns).

bananaken the Ruffian (Djinni Shapeshifter)         Turns: 2923, Time: 00:09:29

Health: -1/50      AC:  2    Str: 15    XL:     7   Next: 29%
Gold:   100        EV: 12    Int: 12    God:
                   SH:  0    Dex: 12

rFire   + +          .
                       - Unarmed
rCold   x . .        (no shield)
rNeg    . . .        a - +0 animal skin
rPois   ∞            (helmet currently unavailable)
rElec   .            f - melded +2 cloak
rCorr   .            (gloves currently unavailable)
SInv    .            (boots unavailable)
Will    .....        (no amulet)
Stlth   +            (no ring)
HPRegen 0.28/turn    (no ring)

%: infuse magic (-2 HP)
@: about to teleport, beast-form, flying
A: beast (slay +2), flying, sickness immunity, fire resistance 2, cold
vulnerability 1, float, innate caster, HP casting, extra vitality 1
a: Begin Untransformation, Convert to Beogh


You were on level 3 of the Dungeon.
You were a hulking beast.
You visited 1 branch of the dungeon, and saw 3 of its levels.
You also visited: Sewer.

You collected 100 gold pieces.

Inventory:

Missiles
 l - 7 poisoned darts (quivered)
 o - 5 curare-tipped darts
Armour
 a - a +0 animal skin (worn)
 f - a +2 cloak (melded)
Talismans
 c - a beast talisman (active)
 d - a flux talisman
Scrolls
 g - 2 scrolls of identify
 h - a scroll of blinking {unknown}
 k - 2 scrolls of teleportation
 q - a scroll of amnesia {unknown}
 r - a scroll of enchant armour {unknown}
Potions
 e - a potion of berserk rage {unknown}
 i - 2 potions of mutation {unknown}
 j - 4 potions of enlightenment
 m - a potion of invisibility {unknown}
 p - a potion of attraction {unknown}
 s - a potion of might {unknown}


   Skills:
 + Level 3.1 Fighting
 + Level 4.0 Dodging
 * Level 5.3 Unarmed Combat
 - Level 1.0 Spellcasting
 - Level 1.0 Conjurations
 - Level 1.0 Hexes
 - Level 1.0 Summonings
 - Level 1.0 Necromancy
 - Level 1.0 Translocations
 - Level 1.0 Fire Magic
 - Level 1.0 Ice Magic
 - Level 1.0 Air Magic
 - Level 1.0 Earth Magic
 - Level 1.0 Alchemy
 + Level 3.7 Shapeshifting


You knew the following spells:

 Your Spells              Type           Power      Damage    Failure   Level
a - Kiss of Death         Conj/Necr      12%        2d6       21%         1
b - Momentum Strike       Conj/Tloc      6%         3d8       30%         2
c - Summon Ice Beast      Ice/Summ       3%         N/A       52%         3
Your spell library was empty.

Dungeon Overview and Level Annotations

Branches:
Dungeon (3/15)              Sewer (visited)

Altars:
Uskayaw


Innate Abilities, Weirdness & Mutations

You are a hulking beast.
Your limbs bulge with bestial killing power. (Slay +2)
You are flying.
You are immune to sickness and miasma.
You are immune to poison.
Your flesh is very heat resistant. (rF++)
You are vulnerable to cold. (rC-)
You float through the air rather than walking.
You learn spells naturally, not from books.
Your magical power is your life essence.
You have superior vitality. (+4 MHP)


Message History

(press Y on the ability menu to convert to Beogh)
You barely miss the orc priest.
The orc priest threatens, "Beogh's wrath is as vast as their mercy.
Make your choice!"
The orc priest is lightly wounded.
The orc priest hits you with a +0 flail.
The orc completely misses you.
Unknown command.
You closely miss the orc priest.
The orc priest is lightly wounded.
The orc priest hits you with a +0 flail.
You barely miss the orc priest.
The orc priest is lightly wounded.
The orc hits you with a +0 mace. The orc priest closely misses you.
You hit the orc priest but do no damage.
Your punch misses the orc priest.
The orc priest is lightly wounded.
The orc priest calls down the wrath of Beogh upon you.
Beogh smites you!
* * * LOW HITPOINT WARNING * * *
Unknown command.
You feel better. The orc hits you with a +0 mace!
* * * LOW HITPOINT WARNING * * *
The orc priest casts a cantrip, but nothing happens.
Unknown command.
As you read the scroll of teleportation, it crumbles to dust.
You feel strangely unstable. The orc barely misses you. x2
The orc priest looks braver for a moment.
Unknown command.
It was a potion of cancellation.
You feel strangely stable.
You feel magically purged. The orc hits you but does no damage.
The orc closely misses you. The orc priest closely misses you.
Okay, then.
As you read the scroll of teleportation, it crumbles to dust.
You feel strangely unstable. The orc hits you with a +0 club.
* * * LOW HITPOINT WARNING * * *
The orc barely misses you.
The orc priest mumbles some strange prayers to Beogh against you.
Beogh smites you!
You die...

#.# #.......)...#....###
#.####................#
#..............####o###
#.####.........###..#
.............)##..o#######*
...............#.#........*
..#..#...........#........**
#†#.##.........o##o.......,*
#.†.##.........ohoo.......,*
#>####.........#####.....>,*
...# ##........* **#.....**
.#.# *#......,****,,.....,*
.#.########...,,,,,,,.....,*
........,,#.#.******,,....,*
........,,,,,,* **,,...**
........,,,*,** *,,,,**
.........,,*,* *****,,***


You could see an orc priest and 4 orcs.

Vanquished Creatures
  2 crocodiles (Sewer)
  A sickly merfolk siren (Sewer)
  A malarious merfolk avatar (Sewer)
  4 gnolls (D:2)
  6 adders
  4 river rats
  6 dart slugs
  An orc (D:3)
  6 endoplasms
  5 giant cockroaches
  6 goblins
  5 hobgoblins
  9 jackals
  3 kobolds
  8 quokkas
  10 ball pythons
  5 bats
  7 frilled lizards
  30 rats
119 creatures vanquished.

Notes
Turn   | Place    | Note
-------+----------+-------------------------------------------
     0 | D:1      | bananaken the Djinni Shapeshifter began the quest for the
                  | Orb.
     0 | D:1      | Reached XP level 1. HP: 17/17 MP: 0/0
    65 | D:1      | Reached XP level 2. HP: 20/22 MP: 0/0
   316 | D:1      | Reached XP level 3. HP: 23/27 MP: 0/0
   316 | D:1      | Learned a level 1 spell: Kiss of Death
   721 | D:1      | Found a faded altar of an unknown god.
   860 | D:2      | Reached XP level 4. HP: 32/32 MP: 0/0
  1141 | D:2      | Reached XP level 5. HP: 38/38 MP: 0/0
  1141 | D:2      | Learned a level 2 spell: Momentum Strike
  1161 | D:2      | Reached skill level 4 in Unarmed Combat
  2198 | D:3      | Found a glowing drain.
  2227 | D:3      | Found a hide-covered altar of Uskayaw.
  2270 | Sewer    | Entered a sewer
  2375 | Sewer    | Reached XP level 6. HP: 43/43 MP: 0/0
  2385 | Sewer    | Reached skill level 1 in Spellcasting
  2385 | Sewer    | Reached skill level 1 in Conjurations
  2385 | Sewer    | Reached skill level 1 in Hexes
  2385 | Sewer    | Reached skill level 1 in Summonings
  2385 | Sewer    | Reached skill level 1 in Necromancy
  2385 | Sewer    | Reached skill level 1 in Translocations
  2385 | Sewer    | Reached skill level 1 in Fire Magic
  2385 | Sewer    | Reached skill level 1 in Ice Magic
  2385 | Sewer    | Reached skill level 1 in Air Magic
  2385 | Sewer    | Reached skill level 1 in Earth Magic
  2385 | Sewer    | Reached skill level 1 in Alchemy
  2550 | Sewer    | Noticed a crocodile
  2555 | Sewer    | Noticed a crocodile
  2656 | Sewer    | Killed a crocodile
  2657 | Sewer    | Reached skill level 5 in Unarmed Combat
  2657 | Sewer    | Killed a crocodile
  2658 | Sewer    | Reached XP level 7. HP: 50/50 MP: 0/0
  2658 | Sewer    | Learned a level 3 spell: Summon Ice Beast
  2923 | D:3      | Killed from afar by an orc priest

Illustrated notes

Levels and vault maps discovered:
D:1:      minmay_arrival_four_loops, layout_rooms,
          hellmonk_ecumenical_altar_inner_sanctum, kennysheep_flooded_box,
          chequers_big_river, chequers_serial_rivers_micro_b, solitary_fountain
D:2:      minmay_skewed_foursquare, layout_basic
D:3:      layout_rooms, mainiacjoe_overflow_alcove_1,
          mainiacjoe_overflow_alcove_2, portal_sewer_entry_b, minivault_14

Skill      XL: |  1  2  3  4  5  6  7 |
---------------+----------------------+-----
Shapeshifting  | 3 |  3.7
Fighting       | 2 3 |  3.1
Dodging        | 3 4 |  4.0
Unarmed Combat | 4 5 |  5.3
Spellcasting   | 1 |  1.0
Conjurations   | 1 |  1.0
Hexes          | 1 |  1.0
Summonings     | 1 |  1.0
Necromancy     | 1 |  1.0
Translocations | 1 |  1.0
Fire Magic     | 1 |  1.0
Ice Magic      | 1 |  1.0
Air Magic      | 1 |  1.0
Earth Magic    | 1 |  1.0
Alchemy        | 1 |  1.0

Action                     |  1- 3 |  4- 6 |  7- 9 || total
---------------------------+-------+-------+-------++-------
  Melee: Unarmed           |    66 |   261 |    28 ||   355
         Punch             |       |     6 |     1 ||     7
    Use: Potion            |     1 |     2 |     2 ||     5
         Scroll            |       |     4 |     2 ||     6
   Stab: Sleeping          |     1 |     2 |       ||     3
 Armour: Animal skin       |    36 |    95 |    13 ||   144
         Skin              |     5 |    38 |       ||    43
  Dodge: Dodged            |    38 |   140 |    25 ||   203
         Form:             |     1 |     1 |       ||     2
         Beast             |     1 |     1 |       ||     2

Table legend: (Time is in decaauts)
 A = Elapsed time spent in this place.
 B = Non-inter-level travel time spent in this place.
 C = Inter-level travel time spent in this place.
 D = Time resting spent in this place.
 E = Time spent auto-exploring this place.
 F = Levels seen in this place.
 G = Mean time per level.
                   A        B        C        D        E       F      G
               +--------+--------+--------+--------+--------+-----+--------+
         Total |   2895 |   2790 |    105 |    247 |   1585 |   4 |  723.8 |
       Dungeon |   2369 |   2264 |    105 |    151 |   1502 |   3 |  789.7 |
         Sewer |    526 |    526 |      0 |     96 |     83 |   1 |  526.0 |
               +--------+--------+--------+--------+--------+-----+--------+

Top non-repeatable levels by time:
     D:2: 1231 daAuts
     D:1: 818 daAuts
   Sewer: 526 daAuts
     D:3: 319 daAuts
